 Dungeon Crawl Stone Soup version 0.24.0-13-gcf9b319 (webtiles) character file.

Game seed: 12650548186686402455, levelgen mode: deterministic

542 Bronimir the Stinger (level 7, -3/57 HPs)
             Began as a Naga Venom Mage on Mar 28, 2020.
             Slain by Menkaure (19 damage)
             ... on level 4 of the Dungeon.
             The game lasted 00:14:08 (4512 turns).

Bronimir the Stinger (Naga Venom Mage)              Turns: 4512, Time: 00:14:10

Health: -3/57      AC:  5    Str: 10    XL:     7   Next: 27%
Magic:  11/12      EV: 10    Int: 17    God:
Gold:   221        SH:  0    Dex: 12    Spells: 6/12 levels left

rFire    . . .     SeeInvis +   a - +1 quarterstaff (speed)
rCold    . . .     Gourm    .   (shield currently unavailable)
rNeg     . . .     Faith    .   D - +0 leather armour
rPois    +         Spirit   .   e - +0 helmet
rElec    .         Reflect  .   (no cloak)
rCorr    .         Harm     .   (no gloves)
MR       .....                  (no barding)
Stlth    ++........             (no amulet)
HPRegen  0.19/turn              (no ring)
MPRegen  0.13/turn              (no ring)

@: lethally poisoned (-3 -> -4), about to teleport, very slow
A: large, see invisible, deformed body, poison resistance, slowness 2, slow
metabolism 1, spit poison 1, AC +2
a: Spit Poison


You were on level 4 of the Dungeon.
You were hungry.

You visited 1 branch of the dungeon, and saw 4 of its levels.

You collected 221 gold pieces.

Inventory:

Hand Weapons
 a - a +1 quarterstaff of speed (weapon)
 b - a +0 hunting sling
 g - a +0 hand axe
 h - a +0 whip of freezing
 q - a +0 short sword
Missiles
 i - 37 bolts
 j - 161 stones
 l - 82 arrows
 t - 31 sling bullets
 w - 6 boomerangs
 C - 16 poisoned darts (quivered)
Armour
 e - a +0 helmet (worn)
 o - a +0 ring mail
 v - a +0 robe
 D - a +0 leather armour (worn)
Scrolls
 d - a scroll of remove curse
 p - 4 scrolls of teleportation
 r - a scroll of identify
 s - a scroll of enchant armour {unknown}
 x - 2 scrolls of fear {unknown}
 y - a scroll of noise {unknown}
 H - a scroll of amnesia
Potions
 k - a potion of experience {unknown}
 m - a potion of mutation {unknown}
 n - a potion of curing {unknown}
 u - a potion of lignification {unknown}
 z - 2 potions of cancellation {unknown}
 A - 2 potions of might {unknown}
 B - a potion of heal wounds {unknown}
 E - a potion of agility {unknown}
 F - a potion of degeneration {unknown}
Comestibles
 c - 7 rations


   Skills:
 + Level 1.5 Fighting
 + Level 0.4 Axes
 + Level 2.2 Staves
 * Level 1.6 Armour
 + Level 2.2 Dodging
 - Level 3.3 Stealth
 * Level 3.4 Spellcasting
 * Level 3.4 Conjurations
 - Level 0.1 Air Magic
 * Level 6.0 Poison Magic


You had 6 spell levels left.
You knew the following spells:

 Your Spells              Type           Power        Failure   Level  Hunger
a - Sting                 Conj/Pois      ###.         3%          1    None
b - Poisonous Vapours     Pois/Air       ##....       10%         2    ##.....
c - Mephitic Cloud        Conj/Pois/Air  ##......     19%         3    ###....

Your spell library contained the following spells:

 Spells                   Type           Power        Failure   Level  Hunger
 Olgreb's Toxic Radiance  Pois           ###.....     19%         4    ####...
 Venom Bolt               Conj/Pois      ###.......   65%         5    ######.


Dungeon Overview and Level Annotations

Branches:
Dungeon (4/15)
 Temple: D:4-7

Altars:
Ashenzari
Kikubaaqudgha
Okawaru

Annotations:
D:4 Menkaure


Innate Abilities, Weirdness & Mutations

You cannot wear boots.
Your serpentine skin is tough. (AC +2)
You have supernaturally acute eyesight. (SInv)
Armour fits poorly on your strangely shaped body.
Your system is resistant to poisons. (rPois)
You cover ground very slowly.
You have a slow metabolism.
You can spit poison.


Message History

You feel sick. The adder skeleton barely misses you.
Casting: Poisonous Vapours (safe; 10% risk of failure)
Confirm with . or Enter, or press ? or * to list all spells.
Aiming: Poisonous Vapours (safe; 10% risk of failure)
Press: ? - help, Dir - move target cursor, f - Menkaure
Aim: Menkaure (fast) But poisonous vapours would do no harm to Menkaure!
Casting: Poisonous Vapours (safe; 10% risk of failure)
Confirm with . or Enter, or press ? or * to list all spells.
You can't see any susceptible monsters within range! (Use Z to cast anyway.) Menkaure hits you!!
As you read the scroll of teleportation, it crumbles to dust.
You feel strangely unstable. Menkaure hits you!
As you read the scroll of fog, it crumbles to dust.
The scroll dissolves into smoke.
You feel sick.
Menkaure points at you and mumbles some strange words.
Pain shoots through your body!
* * * LOW HITPOINT WARNING * * *
Menkaure hits you!!
You die...

... #.# #.# . #.# .. #.#
.. #.# .# # #.# ..##.
########.##########......
..............§§@MZ..!...
###.###..#######§#§......
# #.# #.## #§§....... #
#.# #.# #......... ###.#
#.# ##..!..... #...# #.#
# #>...... #.#.###.# .#
#...... ._..)##.## .#
#<..## #.#..))).##.# ###.


You could see Menkaure and an adder skeleton.

Vanquished Creatures
  A phantom (D:4)
  3 orc priests (D:4)
  A hound (D:4)
  An orc wizard (D:4)
  An iguana (D:4)
  Ijyb (D:3)
  A worker ant (D:4)
  Robin (D:3)
  11 adders
  2 oozes
  5 worms
  A dart slug (D:4)
  3 leopard geckos
  9 orcs
  10 bats
  4 giant cockroaches
  14 goblins
  8 hobgoblins
  6 kobolds
  3 quokkas (D:2)
  A ball python (D:2)
  4 frilled lizards
  13 rats
104 creatures vanquished.

Notes
Turn   | Place    | Note
-------+----------+-------------------------------------------
     0 | D:1      | Bronimir the Naga Venom Mage began the quest for the Orb.
     0 | D:1      | Reached XP level 1. HP: 15/15 MP: 3/3
    57 | D:1      | Reached XP level 2. HP: 3/22 MP: 0/5
   845 | D:1      | Learned a level 2 spell: Poisonous Vapours
   939 | D:1      | Reached XP level 3. HP: 16/28 MP: 4/6
  1590 | D:2      | Reached skill level 5 in Poison Magic
  1590 | D:2      | Reached XP level 4. HP: 31/36 MP: 5/7
  1632 | D:2      | Learned a level 3 spell: Mephitic Cloud
  1715 | D:2      | Found an iron altar of Okawaru.
  1934 | D:2      | Found a faded altar of an unknown god.
  2422 | D:3      | Reached XP level 5. HP: 41/43 MP: 2/9
  2758 | D:3      | Noticed Robin
  2784 | D:3      | Killed Robin
  3263 | D:3      | Noticed Ijyb
  3267 | D:3      | Paralysed by Ijyb for 6 turns
  3278 | D:3      | Paralysed by Ijyb for 6 turns
  3292 | D:3      | Killed Ijyb
  3292 | D:3      | Reached skill level 1 in Staves
  3632 | D:4      | Reached XP level 6. HP: 50/50 MP: 4/10
  3640 | D:4      | Noticed a phantom
  3651 | D:4      | Reached skill level 1 in Fighting
  3932 | D:4      | Reached skill level 1 in Armour
  3961 | D:4      | Killed a phantom
  4203 | D:4      | Reached XP level 7. HP: 56/57 MP: 5/12
  4342 | D:4      | Found a shattered altar of Ashenzari.
  4363 | D:4      | Reached skill level 6 in Poison Magic
  4439 | D:4      | Found an ancient bone altar of Kikubaaqudgha.
  4502 | D:4      | Noticed Menkaure
  4512 | D:4      | Slain by Menkaure

Levels and vault maps discovered:
D:1:      eino_arrival_cavern_b, layout_rooms, minmay_misc_feat_hallway,
          minmay_misc_feat_room, grunt_decor_one_mirror
D:2:      layout_loops_ring, okawaru_gym_becter,
          chequers_ecumenical_altar_twisty
D:3:      minmay_spotlight, layout_basic, serial_glass, glass_columns_b,
          glass_columns_b, item_on_display_a, due_unseen_surprise,
          kennysheep_generic_room_12, uniq_ijyb, uniq_robin
D:4:      layout_loops_ring, ashenzari_altar_1, kiku_gazebo_pond_becter,
          minmay_temple_entry_wispy, uniq_menkaure

Skill      XL: |  1  2  3  4  5  6  7 |
---------------+----------------------+-----
Conjurations   | 2 3 |  3.4
Poison Magic   | 5 6 |  6.0
Staves         | 1 2 |  2.2
Dodging        | 2 |  2.2
Spellcasting   | 3 |  3.4
Fighting       | 1 |  1.5
Armour         | 1 |  1.6
Axes           | |  0.4
Stealth        | |  3.3
Air Magic      | |  0.1

Action                   |  1- 3 |  4- 6 |  7- 9 || total
-------------------------+-------+-------+-------++-------
Melee: Short sword       |     6 |       |       ||     6
       Hand axe          |    49 |    18 |       ||    67
       Quarterstaff      |       |   102 |    39 ||   141
 Fire: Hunting sling     |       |     2 |       ||     2
Throw: Dart              |       |     3 |       ||     3
 Cast: Sting             |    20 |    23 |       ||    43
       Poisonous Vapours |     3 |    22 |     2 ||    27
       Mephitic Cloud    |       |     9 |     2 ||    11
 Abil: Spit Poison       |    12 |    15 |       ||    27
  Use: Scroll            |       |     6 |     2 ||     8
 Stab: Sleeping          |     3 |     4 |       ||     7
       Confused          |       |     1 |     3 ||     4
       Distracted        |       |     1 |       ||     1
  Eat: Chunk             |     2 |     9 |     2 ||    13
Armor: Robe              |    19 |    15 |       ||    34
       Leather armour    |       |    18 |    10 ||    28
Dodge: Dodged            |    52 |    72 |    14 ||   138
